AoeStats
← KA MING

Lombardia

509884867Analyzed
4v4 RM · 5d ago on Sep 28, 2026· 45m 44s· 8 players
Game mode
Random Map
Map size
Large (8 player)
Population
200
Speed
Normal
Resources
Standard
Victory
Conquest
Starting age
Dark Age
Ending age
Imperial Age
RankedLock teamsTeams togetherTeam positionsShared explorationLock speedFull tech treeHidden civsTurbo modeCheats
Victory
Defeat
🇭🇰 Cumans · Hong Kong SAR China
1403
+11
🇭🇰 Franks · Hong Kong SAR China
1389
+12
🇭🇰 Mongols · Hong Kong SAR China
1376
+12
🇷🇺 Goths · Russia
1273
+16
1326
-14
🇫🇷 Persians · France
1288
-13
🇫🇷 Hindustanis · France
1278
-12
🇦🇷 Koreans · Argentina
1271
-12
电脑人-偷家鸡鸡短三寸-
10:41 Feudal Age
8:59 Loom
14:23 Castle Age
12:56 Double-Bit Axe
20:23 Loom
23:39 Wheelbarrow
22:55 Horse Collar
23:41 Bow Saw
24:58 Gold Mining
26:09 Heavy Plow
26:46 Gold Shaft Mining
27:43 Hand Cart
31:16 Imperial Age
29:09 Bloodlines
29:23 Scale Barding Armor
29:29 Forging
29:23 Town Watch
29:59 Husbandry
30:25 Chain Barding Armor
31:01 Kshatriyas
31:22 Heavy Camel Rider
32:26 Frontier Guards
32:44 Conscription
33:29 Plate Barding Armor
33:36 Iron Casting
37:09 Town Patrol
36:38 Light Cavalry
37:16 Hussar
ToRrGalL
8:56 Loom
12:02 Feudal Age
12:29 Double-Bit Axe
13:25 Horse Collar
21:58 Castle Age
20:18 Scale Mail Armor
21:12 Arson
21:40 Forging
21:16 Man-at-Arms
22:57 Wheelbarrow
22:32 Heavy Plow
22:27 Pikeman
23:58 Gambesons
24:13 Squires
23:34 Long Swordsman
29:27 Bow Saw
30:35 Iron Casting
30:16 Chain Mail Armor
31:19 Hand Cart
32:27 Town Watch
32:51 Caravan
33:26 Gold Mining
33:30 Stone Mining
38:47 Imperial Age
37:02 Stone Mining
37:50 Gold Shaft Mining
38:28 Fletching
38:39 Padded Archer Armor
39:18 Stone Shaft Mining
39:06 Ballistics
38:29 Crossbowman
39:14 Thumb Ring
39:27 Thumb Ring
39:47 Bodkin Arrow
40:08 Leather Archer Armor
40:57 Chemistry
40:23 Murder Holes
40:38 Masonry
41:05 Kamandaran
41:26 Conscription
44:26 Ring Archer Armor
45:39 Architecture
46:22 Two-Man Saw
Uethatzuia
8:21 Loom
11:52 Feudal Age
14:22 Double-Bit Axe
16:47 Castle Age
15:04 Horse Collar
17:55 Bow Saw
21:51 Wheelbarrow
22:57 Husbandry
23:08 Bloodlines
23:17 Scale Barding Armor
25:36 Hand Cart
30:23 Forging
30:33 Chain Barding Armor
33:31 Imperial Age
32:38 Iron Casting
34:53 Conscription
35:46 Chemistry
34:40 Gold Mining
34:40 Stone Mining
35:04 Heavy Camel Rider
36:50 Plate Barding Armor
37:15 Blast Furnace
40:34 Imperial Camel Rider
41:10 Light Cavalry
42:20 Caravan
rloy
7:49 Loom
10:28 Feudal Age
14:15 Castle Age
13:40 Double-Bit Axe
19:04 Fletching
29:11 Wheelbarrow
28:24 Town Watch
29:15 Wheelbarrow
33:12 Imperial Age
30:57 Bodkin Arrow
35:22 Conscription
34:50 Crossbowman
35:37 Arbalester
39:46 Bracer
43:11 Chemistry
Stanleyip29
8:55 Feudal Age
9:36 Double-Bit Axe
13:47 Horse Collar
15:47 Loom
18:08 Wheelbarrow
20:33 Castle Age
18:58 Gold Mining
22:07 Hand Cart
22:57 Bow Saw
26:50 Imperial Age
25:46 Scale Barding Armor
25:51 Forging
26:37 Bloodlines
26:48 Chain Barding Armor
27:19 Heavy Plow
27:56 Gold Shaft Mining
27:03 Cavalier
28:26 Town Watch
29:31 Plate Barding Armor
29:24 Stone Mining
31:38 Paladin
34:02 Iron Casting
37:12 Conscription
38:29 Blast Furnace
38:25 Town Patrol
38:43 Caravan
39:13 Coinage
43:10 Capped Ram
45:26 Masonry
46:26 Chemistry
45:47 Ballistics
45:03 Siege Ram
肥豬王
0:30 Loom
9:56 Feudal Age
10:34 Double-Bit Axe
18:30 Castle Age
16:30 Horse Collar
17:43 Scale Mail Armor
20:13 Pikeman
20:55 Squires
28:22 Wheelbarrow
29:32 Heavy Plow
32:04 Bow Saw
35:23 Imperial Age
33:06 Gold Mining
33:40 Chain Mail Armor
33:21 Town Watch
34:53 Anarchy
35:36 Forging
35:51 Elite Huskarl
37:18 Crop Rotation
37:48 Iron Casting
39:56 Conscription
39:04 Halberdier
41:36 Blast Furnace
43:28 Two-Man Saw
43:16 Perfusion
45:21 Hand Cart
45:08 Town Patrol
45:15 Padded Archer Armor
44:52 Sappers
Wes
6:02 Loom
8:54 Feudal Age
10:28 Double-Bit Axe
19:06 Castle Age
20:13 Bow Saw
20:20 Gold Mining
20:53 Scale Barding Armor
21:05 Husbandry
24:54 Husbandry
26:29 Chain Barding Armor
28:26 Wheelbarrow
29:08 Gold Shaft Mining
32:14 Imperial Age
29:56 Scale Mail Armor
31:25 Hand Cart
31:15 Stone Mining
32:00 Chain Mail Armor
32:22 Forging
32:15 Squires
32:00 Arson
32:01 Gambesons
32:48 Fletching
32:20 Ordonnance Companies
33:28 Conscription
34:07 Plate Mail Armor
33:20 Elite Throwing Axeman
35:51 Iron Casting
37:53 Fortified Wall
38:43 Chemistry
38:03 Ballistics
39:29 Blast Furnace
38:26 Bodkin Arrow
38:31 Padded Archer Armor
39:34 Hoardings
41:50 Padded Archer Armor
41:47 Pikeman
43:05 Plate Barding Armor
42:15 Town Watch
44:26 Herbal Medicine
44:34 Cavalier
46:20 Masonry
45:36 Paladin
KA MING
10:22 Feudal Age
12:23 Loom
16:55 Castle Age
15:40 Double-Bit Axe
23:07 Horse Collar
25:30 Wheelbarrow
26:24 Fletching
27:05 Gold Mining
27:59 Heavy Plow
28:28 Stone Mining
29:52 Bodkin Arrow
32:04 Padded Archer Armor
32:51 Bloodlines
32:41 Husbandry
34:26 Ballistics
35:08 Gold Shaft Mining
35:44 Leather Archer Armor
40:28 Imperial Age
39:18 Hand Cart
38:53 Town Watch
40:46 Elite Mangudai
41:58 Bracer
42:36 Parthian Tactics
43:08 Stone Shaft Mining
43:58 Chemistry
45:35 Drill
45:40 Capped Ram
Connection lost

Rejoining the realm…

Still unreachable

The connection could not be restored.

Session expired

The server has moved on; the page needs a fresh start.